[Event "Fagernes Chess GM-Swiss 2025"]
[Site "Fagernes"]
[Date "2025.04.15"]
[Round "3.5"]
[White "Kantor, Gergely"]
[Black "Vijayakumar, Rishi"]
[Result "1/2-1/2"]
[Annotator "TA"]
[ECO "C78"]
[WhiteElo "2578"]
[BlackElo "2317"]
[PlyCount "166"]
[EventDate "2025.04.12"]
[EventCountry "NOR"]
[SourceTitle "playchess.com"]
[Source "ChessBase"]
[SourceQuality "1"]
[TimeControl "40/6000+30:2400+30"]

1. e4 e5 2. Nf3 Nc6 3. Bb5 a6 4. Ba4 Nf6 5. O-O b5 6. Bb3 Bc5 7. c3 d6 8. a4 Rb8 9. d4 Bb6 10. a5 $1 {[%emt 0:00:40] 10.a5 is better than 10.axb5. C78: Ruy Lopez: Archangelsk and Möller Defences.} Ba7 11. h3 Bb7 12. Re1 {[%emt 0:00:05] White has an edge.} O-O 13. Be3 exd4 $1 (13... Nxe4 $6 14. d5 $16) 14. cxd4 Nb4 (14... Nxe4 $2 15. d5 $18) 15. Nc3 Bxe4 (15... Nxe4 16. Nxe4 Bxe4 17. Bd2 Bxf3 18. Qxf3 $16) 16. Nxe4 {[%emt 0:00:07] White sacrificed a pawn} (16. Bg5 $5 Bg6 17. Qd2 $15) 16... Nxe4 17. Rc1 $146 (17. d5 Bc5 18. Bd4 Re8 19. Re3 Qd7 20. Rc1 Re7 21. Qe2 Rbe8 22. Re1 Kf8 23. Bc2 {0-1 Swiercz,D (2652)-Yoo,C (2563) USA-ch Saint Louis 2022 (13)}) 17... d5 (17... Rc8 $15 {stays ahead.}) 18. Ne5 $1 $16 {[%emt 0:04:37][%mdl 1024] White has strong compensation.} Qd6 19. Bf4 (19. f3 $1 $16 Nf6 20. Bf4) 19... Rbd8 $2 (19... Rbe8 $11 {and Black has nothing to worry.}) 20. f3 $2 (20. Rxe4 $1 $18 dxe4 21. Bxf7+ (21. Nxf7 Qxf4 22. Nxd8+ Kh8 $15) 21... Rxf7 (21... Kh8 $2 22. Qh5 $18) 22. Nxf7 Qxf4 23. Nxd8 Bxd4 24. Qb3+ Kh8 25. Rf1 (25. Nf7+ Kg8 $18)) 20... Qf6 21. Be3 {[%emt 0:08:19][%cal Bf4e3,Be3f2,Bf2h4][%mdl 32] This pair of bishops is nice.} (21. fxe4 Qxf4 22. Kh1 (22. Rxc7 $2 Qxe5 23. Rxa7 Qb8 $19) 22... c5 $17 (22... dxe4 $2 23. Rf1 $18)) 21... Ng3 (21... Nc5 $2 22. Ng4 (22. Rxc5 Bxc5 23. Ng4 Qf5 $16) 22... Qf5 23. dxc5 $18 (23. Rxc5 Bxc5 24. dxc5 Rfe8 $16)) (21... Nd6 $14) 22. Rxc7 (22. Qd2 $1 $16 {[%cal Oc1c7] Hoping for Rxc7!.} c5 23. dxc5 Qxe5 24. Bf2) 22... Bb8 $14 23. Rd7 (23. Rb7 $14 Nf5 24. Bf2) 23... Nf5 $1 $11 24. Bf2 g6 (24... Qe6 $11 25. Rxd8 Rxd8) 25. f4 (25. Qd2 {looks sharper.} Nc6 26. Bxd5 Bxe5 27. dxe5 Nxe5 28. Rxd8 Rxd8 29. Rxe5 Qxe5 30. Bxf7+ Kxf7 31. Qxd8 Qd6 32. Qa8) 25... Qe6 26. Rxd8 Rxd8 27. g4 Ng7 28. Bh4 Re8 29. Nd3 (29. Qd2 $1 $16 Qd6 30. f5) 29... Qd6 30. Rxe8+ Nxe8 31. Qe2 Kf8 {[%emt 0:01:35] [#]} 32. Be7+ $1 Qxe7 33. Qxe7+ Kxe7 34. Nxb4 $14 {[%emt 0:00:04][%mdl 4096] Endgame KBN-KBN} Kd6 {[%emt 0:04:24] Dodges Nc6} (34... Kd7 $14) 35. Nxd5 {[%emt 0:01:00] White is more active.} (35. Nxa6 Ba7 $14) (35. Bxd5 $16 Ba7 36. Bxf7 Bxd4+ 37. Kg2) 35... Nc7 (35... Ba7 $2 36. Nb6 Bxb6 37. axb6 $18) 36. Nc3 Ne6 37. Ne4+ Ke7 38. Bxe6 fxe6 $11 {[%emt 0:03:03] KB-KN. White is a pawn up.} 39. b4 Bxf4 40. Kf2 {[%emt 0:00:03] Prevents Be3+} e5 (40... Bd6 $11 41. Nc5 (41. Nxd6 $2 Kxd6 42. Ke3 Kd5 $19) 41... e5) 41. Kf3 $16 Bc1 42. Nc5 $1 (42. dxe5 Ba3 43. Nc5 Bxb4 44. Nxa6 Bxa5 $11) 42... exd4 43. Nxa6 Bd2 44. Ke4 (44. Ke2 $1 $16 Bc3 45. Nc7) 44... Kd6 $1 $11 45. Kxd4 Be1 46. Ke4 Bd2 47. h4 Be1 48. h5 gxh5 49. gxh5 h6 50. Kf5 Bf2 51. Kg6 Be3 52. Kf7 (52. Nc5 Bxc5 53. bxc5+ Kxc5 $11) (52. Kf6 $14) 52... Kd7 $16 53. Nc5+ Bxc5 54. bxc5 {[%emt 0:00:02] K3P-KPP. White is a pawn up.} b4 55. a6 $1 Kc7 56. a7 Kb7 {[%emt 0:00:01] [#]} 57. c6+ $1 Kxa7 $18 {[%emt 0:00:02] ( -> ...Kb6). KPP-KPP} 58. Ke7 (58. c7 $2 Kb7 59. Kg6 b3 (59... Kxc7 $2 60. Kxh6 b3 61. Kg7 $19) 60. Kxh6 b2 $19 (60... Kxc7 $2 61. Kg7 $19)) 58... b3 {[%emt 0:00:09] [#]} 59. c7 $1 b2 (59... Kb7 60. Kd7 Kb6 61. c8=Q (61. c8=B $2 b2 $19) 61... Kb5 62. Qc3 b2 63. Qxb2+ Kc4 64. Qd2) 60. c8=Q (60. c8=B $2 b1=Q (60... b1=R 61. Kf6 $15) 61. Be6 Qb4+ 62. Kf6 Qh4+ 63. Ke5 Qxh5+ 64. Bf5 Kb6 $19) 60... b1=Q $11 {[%emt 0:00:19] KQ-KQ Against Qc2} 61. Qc7+ Ka8 $1 62. Qc6+ Kb8 $1 63. Qd6+ Ka8 $2 (63... Kb7 $14) 64. Qxh6 $18 Qb7+ 65. Kf8 Qc8+ 66. Kg7 Qd7+ 67. Kg8 Qd5+ 68. Kh8 Qe5+ 69. Kh7 Qf5+ 70. Qg6 Qd7+ 71. Kh8 {[%emt 0:00:30] Threatening mate with Qg8+.} Qd4+ 72. Qg7 Qe3 73. h6 ({Not} 73. Qa1+ Kb8 $16) 73... Qf4 {[%emt 0:00:46] Dodges Qf8+} 74. h7 $2 (74. Qg8+ $18 Kb7 75. Qd5+ Kb8 76. Qd8+ Ka7 77. Qe7+ Kb8 78. Qe6) 74... Qe4 $2 ({Inferior is} 74... Qb8+ 75. Qg8 Kb7 76. Qxb8+ Kxb8 77. Kg8 Kc8 78. h8=Q (78. h8=R Kd7 79. Rh6 Ke7 80. Rg6 Kd7 81. Kf8 Kc8 82. Ke7 Kc7) 78... Kd7 79. Qe5) (74... Qf3 $11) 75. Kg8 $2 (75. Qf8+ {mates} Ka7 76. Kg8 Kb6 77. h8=Q (77. h8=R Qg2+ 78. Qg7 Qa8+ 79. Kh7 Qh1+ 80. Qh6+ Qxh6+ 81. Kxh6 Kc5 $18) 77... Qd5+ 78. Qf7 Qg2+ 79. Kf8 Qa8+ 80. Kg7) 75... Qd5+ $11 {[%emt 0:00:58] The position is equal.} 76. Qf7 (76. Kh8 $5 Qf3 $8 77. Qa1+ Kb7 78. Qb2+ Kc8 79. Qc2+ Kb8 80. Qg6 $18) 76... Qg5+ 77. Kf8 Qc5+ 78. Qe7 Qf5+ 79. Ke8 Qh5+ 80. Qf7 Qb5+ 81. Kf8 Qc5+ 82. Kg7 (82. Ke8 $5 Qc8+ $8 83. Ke7 Qc5+ 84. Kd8 Qc8+ 85. Ke7 $11) 82... Qg5+ 83. Kf8 Qc5+ {[%emt 0:00:50] Black defended with fortune.   Weighted Error Value: White=0.24 (precise) /Black=0.26 (precise)   Loses game:     	---       	Black=3      Missed win:     	White=3     	---        Mistake:       	White=7     	Black=5      Inaccurate:     	White=4     	Black=3      OK:         	White=23    	Black=28     Best:        	White=9     	Black=9      Strong:       	White=4     	Black=5      Brilliant:      	White=1     	---} 1/2-1/2

[Event "Fagernes Chess GM-Swiss 2025"]
[Site "Fagernes"]
[Date "2025.04.15"]
[Round "3.6"]
[White "Csonka, Balazs"]
[Black "Ghosh, Diptayan"]
[Result "1/2-1/2"]
[Annotator "TA"]
[ECO "E36"]
[WhiteElo "2459"]
[BlackElo "2573"]
[PlyCount "27"]
[EventDate "2025.04.12"]
[EventCountry "NOR"]
[SourceTitle "playchess.com"]
[Source "ChessBase"]
[SourceQuality "1"]
[TimeControl "40/6000+30:2400+30"]

1. d4 Nf6 2. c4 e6 3. Nc3 Bb4 4. Qc2 d5 5. a3 Bxc3+ 6. Qxc3 O-O 7. Nf3 Nbd7 {[%emt 0:01:23][%cal Bb8d7,Bd7f6,Bf6d5][%mdl 32] The position is equal.} 8. Bg5 h6 9. Bxf6 Nxf6 10. e3 b6 11. cxd5 Nxd5 12. Qb3 Bb7 13. Be2 Rc8 14. O-O {[%emt 0:01:02] A rather calm draw.   Weighted Error Value: White=0.02 (flawless) /Black=0.00 (flawless) .  OK:         	White=3     	Black=3} 1/2-1/2

[Event "Fagernes Chess GM-Swiss 2025"]
[Site "Fagernes"]
[Date "2025.04.15"]
[Round "3.7"]
[White "Gopal G.N."]
[Black "Moksh Amit Doshi"]
[Result "0-1"]
[Annotator "RC"]
[ECO "C55"]
[WhiteElo "2556"]
[BlackElo "2369"]
[PlyCount "102"]
[EventDate "2025.04.12"]
[EventCountry "NOR"]
[SourceTitle "playchess.com"]
[Source "ChessBase"]
[SourceQuality "1"]
[TimeControl "40/6000+30:2400+30"]

1. e4 e5 2. Nf3 Nc6 3. Bb5 a6 4. Ba4 Nf6 5. O-O Be7 6. d3 b5 7. Bb3 d6 8. c3 O-O 9. h3 Na5 10. Bc2 c5 11. d4 d5 12. dxe5 Nxe4 13. Nbd2 Bf5 14. Re1 Nc6 15. a4 b4 16. c4 Nxd2 17. Bxd2 Bg6 18. Bxg6 hxg6 19. Qc2 d4 20. Qd3 Qd7 21. Re4 Rae8 22. Rae1 Bd8 23. e6 fxe6 24. Rg4 Rf6 25. Rxg6 Rxg6 26. Qxg6 Bf6 27. Qd3 e5 28. g4 Na5 29. Re4 g6 30. b3 Nb7 31. Re1 Qf7 32. Qe4 Nd6 33. Qc6 Qb7 34. Qxd6 Qxf3 35. g5 Bg7 36. Qxg6 Rf8 37. Qe6+ Kh8 38. Rf1 Qe2 39. Bc1 e4 40. g6 e3 41. f3 Qc2 42. Qg4 Rf5 43. Qh4+ Kg8 44. Qd8+ Bf8 45. Qh4 Kg7 46. Qh7+ Kf6 47. Qf7+ Kg5 48. Qh7 Bd6 49. h4+ Kf4 50. Qd7 Kg3 51. Qxd6+ Kh3 0-1

[Event "Fagernes Chess GM-Swiss 2025"]
[Site "Fagernes"]
[Date "2025.04.15"]
[Round "3.8"]
[White "Makhnev, Denis"]
[Black "Mitusov, Semen"]
[Result "1-0"]
[Annotator "TA"]
[ECO "A47"]
[WhiteElo "2537"]
[BlackElo "2459"]
[PlyCount "77"]
[EventDate "2025.04.12"]
[EventCountry "NOR"]
[SourceTitle "playchess.com"]
[Source "ChessBase"]
[SourceQuality "1"]
[TimeControl "40/6000+30:2400+30"]

1. Nf3 Nf6 2. e3 b6 3. d4 Bb7 4. Bd3 e6 5. O-O c5 6. b3 Nc6 7. Bb2 Rc8 8. a3 d5 9. Nbd2 {[%emt 0:00:32] The position is equal.} Bd6 10. Qe2 cxd4 11. exd4 O-O 12. Ne5 Ne7 13. f4 Rc7 14. Rae1 Qa8 15. Rf2 Ng6 16. h3 Rfc8 17. c4 Re8 18. g3 Nf8 (18... Qd8 $11) 19. Qe3 (19. g4 $14) 19... N6d7 (19... Qd8 $11) 20. Kh2 a6 (20... Qc8 $11) 21. Rfe2 (21. b4 $1 $16) 21... Rcc8 22. Qf2 Re7 23. b4 dxc4 24. Nexc4 Bc7 {[%emt 0:01:41] [#]} 25. d5 $1 Bxd5 26. Ne3 b5 {[%emt 0:08:52] [#]} (26... e5 $14) 27. Nf5 $1 $16 exf5 28. Rxe7 Bb6 29. Qe2 {[%emt 0:01:16] White is much more active.} Be6 (29... g6 $16) 30. Nf3 $2 (30. Bxf5 $18 Qd5 (30... Bxf5 $2 {perishes.} 31. Rxf7 Ne6 32. Rxf5 $18) 31. Bxe6 Nxe6 32. f5) 30... Qd5 (30... Bd8 $142 31. Re8 Nf6 32. Bxf6 Bxf6 33. Rxc8 Qxc8) 31. Ng5 {[%emt 0:00:34] Rd1 is the strong threat.} Qd6 32. Nxe6 (32. Rxe6 $142 $1 Nxe6 33. Bxf5) 32... Nxe6 {[%emt 0:00:23] [#]} 33. Rxd7 Qxd7 $11 34. Bxf5 Rc4 (34... Rd8 $11 {keeps the balance.}) 35. h4 $40 {[%emt 0:01:02][%cal Rf5e6][%mdl 128] Black needs to defend precisely.} ({But not} 35. Bxe6 fxe6 36. Qxe6+ Qxe6 37. Rxe6 Rc2+ 38. Kh1 Rxb2 $14) 35... Bd4 $2 ({Black should play} 35... Rc6 $1 $14) 36. Bxe6 fxe6 {[%emt 0:00:25] [#]} 37. Rd1 $1 ({Less strong is} 37. Bxd4 Rxd4 38. Qxe6+ Qxe6 39. Rxe6 a5 $14) 37... Qd5 $2 (37... Qd6 {might work better.} 38. h5 Qb6 39. Rxd4 Rxd4) 38. Rd2 $18 e5 39. fxe5 {[%emt 0:00:20] Weighted Error Value: White=0.32/Black=0.48.  Loses game:     	---       	Black=2      Missed win:     	White=1     	---        Mistake:       	White=4     	Black=7      Inaccurate:     	White=4     	Black=4      OK:         	White=6     	Black=7      Best:        	White=5     	---        Strong:       	White=1     	---        Brilliant:      	White=1     	---} 1-0

[Event "Fagernes Chess GM-Swiss 2025"]
[Site "Fagernes"]
[Date "2025.04.15"]
[Round "3.9"]
[White "Ghasi, Ameet K"]
[Black "Lund, Gunnar"]
[Result "1-0"]
[Annotator "TA"]
[ECO "A92"]
[WhiteElo "2502"]
[BlackElo "2341"]
[PlyCount "63"]
[EventDate "2025.04.12"]
[EventCountry "NOR"]
[SourceTitle "playchess.com"]
[Source "ChessBase"]
[SourceQuality "1"]
[TimeControl "40/6000+30:2400+30"]

1. c4 Nf6 2. Nf3 e6 3. g3 d5 4. Bg2 Be7 5. O-O O-O 6. d4 c6 7. Qc2 Ne4 8. Nbd2 f5 9. Ne5 Nd7 10. Nd3 Bf6 11. Nf3 {[%emt 0:02:10] A92: Classical Dutch: Classical Stonewall (with ...Be7): Early deviations.} dxc4 12. Qxc4 Nb6 13. Qb4 {[%emt 0:01:52] White is slightly better.} a5 14. Qe1 $146 (14. Qb3 a4 15. Qd1 a3 16. Qb3 axb2 17. Bxb2 Na4 18. Rfc1 c5 19. Ba3 Bxd4 20. Nxd4 Qxd4 {0-1 Kiriakov,P (2553)-Muhammad,S (2365) North American op 2003 (4)}) 14... Bxd4 15. Nxd4 Qxd4 16. Be3 Qd8 17. Rd1 Nd5 18. Bd4 Qc7 19. f3 Nef6 20. e4 Nb4 21. Nxb4 axb4 22. Qxb4 e5 23. Bc5 Re8 24. a3 Qf7 25. Rd2 fxe4 (25... Be6 {simplifies} 26. Qc3 Qc7 27. Rfd1 fxe4 28. fxe4 Nd7) 26. fxe4 Qh5 27. Be7 {[%emt 0:01:18] White is more active. This pair of bishops is nice.} Ng4 {[%emt 0:07:39] Loses the game.} (27... Qf7 $14 28. Bxf6 gxf6) 28. h3 Nh6 {[%emt 0:00:05] [#]} 29. Qb3+ $1 $40 {[%emt 0:02:14][%mdl 128] White has strong attack. Black is weak on the dark squares} Kh8 30. g4 Qg6 (30... Bxg4 31. hxg4 Nxg4) 31. Rd6 $18 Rxe7 32. Rf8+ {[%emt 0:00:09] Weighted Error Value: White=0.07 (flawless) /Black=0.67  Mistake:       	---       	Black=2      Inaccurate:     	---       	Black=3      OK:         	White=5     	Black=6      Best:        	White=4     	Black=2      Strong:       	White=1     	---} 1-0

[Event "Fagernes Chess GM-Swiss 2025"]
[Site "Fagernes"]
[Date "2025.04.15"]
[Round "3.10"]
[White "Kreken, Eivind Grunt"]
[Black "Kaasen, Tor Fredrik"]
[Result "1-0"]
[Annotator "RC"]
[ECO "B66"]
[WhiteElo "2326"]
[BlackElo "2472"]
[PlyCount "95"]
[EventDate "2025.04.12"]
[EventCountry "NOR"]
[SourceTitle "playchess.com"]
[Source "ChessBase"]
[SourceQuality "1"]
[TimeControl "40/6000+30:2400+30"]

1. e4 c5 2. Nf3 Nc6 3. d4 cxd4 4. Nxd4 Nf6 5. Nc3 d6 6. Bg5 e6 7. Qd3 Nxd4 8. Qxd4 a6 9. O-O-O Be7 10. f4 b5 11. Bxf6 gxf6 12. Kb1 Bb7 13. Be2 Qc7 14. f5 Qc5 15. Bh5 Qxd4 16. Rxd4 Kf8 17. Rf1 Rg8 18. g3 Bc6 19. a4 Rb8 20. axb5 axb5 21. b4 Rg5 22. Be2 h5 23. Rd3 h4 24. g4 Rg8 25. Kb2 Kg7 26. Ra1 Rb7 27. Rh3 d5 28. exd5 exd5 29. Ra6 Rc8 30. Bf3 Rbc7 31. Bxd5 Bxd5 32. Nxd5 Rxc2+ 33. Kb3 Bd8 34. Nc3 Rc1 35. Rd3 Be7 36. Nd5 Rb1+ 37. Ka2 Re1 38. g5 Bd8 39. gxf6+ Kh6 40. Ra7 Re2+ 41. Kb3 Rxh2 42. Rxf7 Rf2 43. Ne3 Kg5 44. Rf8 h3 45. Rd4 Rb2+ 46. Kxb2 Bxf6 47. Rxf6 Kxf6 48. Rh4 1-0

[Event "Fagernes Chess GM-Swiss 2025"]
[Site "Fagernes"]
[Date "2025.04.15"]
[Round "3.11"]
[White "Bazakutsa, Svyatoslav"]
[Black "Fiskaaen, Martin Holten"]
[Result "1/2-1/2"]
[Annotator "RC"]
[ECO "D35"]
[WhiteElo "2474"]
[BlackElo "2283"]
[PlyCount "158"]
[EventDate "2025.04.12"]
[EventCountry "NOR"]
[SourceTitle "playchess.com"]
[Source "ChessBase"]
[SourceQuality "1"]
[TimeControl "40/6000+30:2400+30"]

1. d4 Nf6 2. c4 e6 3. Nc3 d5 4. cxd5 exd5 5. Bf4 Bd6 6. Bxd6 Qxd6 7. e3 Bf5 8. Qf3 Be6 9. Bd3 Nbd7 10. Nge2 O-O 11. O-O c6 12. h3 Qe7 13. Qf4 Rac8 14. Qh4 Rfe8 15. b4 a6 16. a4 b5 17. Rfb1 Nb6 18. Nc1 Nc4 19. N3a2 Bd7 20. a5 Rcd8 21. Kh1 Bc8 22. Nb3 h6 23. Re1 Rd6 24. Kg1 Qf8 25. Nc5 Nd2 26. f3 Nc4 27. Qf2 Nd7 28. e4 dxe4 29. Bxc4 e3 30. Rxe3 Rxe3 31. Qxe3 bxc4 32. Nc3 Nf6 33. h4 Qd8 34. Rd1 Ne8 35. g3 Rg6 36. Kf2 Nd6 37. N3e4 Nxe4+ 38. Qxe4 Rd6 39. Qe3 Rd5 40. Qc3 g5 41. hxg5 hxg5 42. Qxc4 Qf6 43. Qe2 Kg7 44. Qe3 Qh6 45. g4 Qh2+ 46. Ke1 Kf8 47. Qf2 Qf4 48. Rd2 Rd6 49. Qh2 Qe3+ 50. Kd1 Qxf3+ 51. Kc2 Rg6 52. Qb8 Qxg4 53. Nxa6 Qf5+ 54. Kb2 Rh6 55. Nc5 Rh1 56. Nd3 Kg7 57. Qe5+ Qxe5 58. dxe5 g4 59. Kc3 Kg6 60. Nc5 Rh3+ 61. Kd4 g3 62. a6 Rh2 63. Rd3 Rh4+ 64. Kc3 g2 65. Rg3+ Rg4 66. Rxg4+ Bxg4 67. a7 g1=Q 68. a8=Q Qc1+ 69. Kb3 Qb1+ 70. Kc3 Qe1+ 71. Kb3 Bd1+ 72. Ka3 Qc3+ 73. Ka2 Qc4+ 74. Ka3 Qc1+ 75. Ka2 Qd2+ 76. Ka3 Qe3+ 77. Ka2 Qd2+ 78. Ka3 Qc1+ 79. Ka2 Qd2+ 1/2-1/2

[Event "Fagernes Chess GM-Swiss 2025"]
[Site "Fagernes"]
[Date "2025.04.15"]
[Round "3.12"]
[White "Westrum, Kim Roger Hansen"]
[Black "Kulaots, Kaido"]
[Result "0-1"]
[Annotator "RC"]
[ECO "B52"]
[WhiteElo "2193"]
[BlackElo "2510"]
[PlyCount "72"]
[EventDate "2025.04.12"]
[EventCountry "NOR"]
[SourceTitle "playchess.com"]
[Source "ChessBase"]
[SourceQuality "1"]
[TimeControl "40/6000+30:2400+30"]

1. e4 c5 2. Nf3 d6 3. Bb5+ Bd7 4. Bxd7+ Nxd7 5. O-O Ngf6 6. Re1 Rc8 7. c3 c4 8. b3 e6 9. bxc4 Rxc4 10. d3 Rc8 11. c4 Be7 12. Nc3 O-O 13. Rb1 b6 14. Ba3 Nc5 15. d4 Nb7 16. Qd3 Na5 17. Nd2 Qd7 18. Rb5 Rfd8 19. f4 d5 20. Bxe7 dxe4 21. Ndxe4 Qxe7 22. c5 Nb7 23. cxb6 axb6 24. Rxb6 Nc5 25. Nxc5 Rxc5 26. Qe3 Rc4 27. Rd1 Qa7 28. Rb3 Ng4 29. Qf3 Rcxd4 30. Rxd4 Qxd4+ 31. Kh1 Nf2+ 32. Kg1 Ne4+ 33. Kh1 Nd2 34. Qg3 Nxb3 35. axb3 Qxc3 36. Qxc3 Rd1+ 0-1

[Event "Fagernes Chess GM-Swiss 2025"]
[Site "Fagernes"]
[Date "2025.04.15"]
[Round "3.13"]
[White "Gandrud, Vegar Koi"]
[Black "Rozentalis, Eduardas"]
[Result "0-1"]
[Annotator "RC"]
[ECO "E16"]
[WhiteElo "2273"]
[BlackElo "2481"]
[PlyCount "140"]
[EventDate "2025.04.12"]
[EventCountry "NOR"]
[SourceTitle "playchess.com"]
[Source "ChessBase"]
[SourceQuality "1"]
[TimeControl "40/6000+30:2400+30"]

1. d4 Nf6 2. c4 e6 3. Nf3 Bb4+ 4. Nbd2 O-O 5. g3 b6 6. Bg2 Bb7 7. O-O Re8 8. a3 Bf8 9. b4 d5 10. c5 a5 11. Rb1 axb4 12. axb4 bxc5 13. bxc5 Ba6 14. Ne5 Nfd7 15. f4 Nxe5 16. fxe5 Nc6 17. Nf3 h6 18. Qc2 Bc4 19. Bb2 Be7 20. Ra1 Rb8 21. Bc3 Bg5 22. Nxg5 Qxg5 23. Rf4 Ra8 24. Rxa8 Rxa8 25. Qd2 Ra2 26. Bb2 Ne7 27. e4 c6 28. Rf2 Qxd2 29. Rxd2 dxe4 30. Bxe4 Nd5 31. Bxd5 Bxd5 32. Kf2 Kh7 33. Ke3 Kg6 34. Bc3 Ra3 35. Kd3 f5 36. exf6 gxf6 37. Rf2 h5 38. h4 Ra8 39. Bd2 Ra2 40. Be1 Ra4 41. Bc3 Bc4+ 42. Kc2 Ra2+ 43. Bb2 Bd5 44. Kd3 Ra8 45. Bc1 Ra1 46. Rc2 Kf5 47. Rf2+ Kg4 48. Bf4 Ra3+ 49. Kd2 Bf3 50. Rf1 Ra2+ 51. Kc3 Re2 52. Rg1 e5 53. dxe5 fxe5 54. Bd2 Rh2 55. Bg5 Ra2 56. Re1 e4 57. Bf4 Ra3+ 58. Kc4 Kh3 59. Re3 Ra4+ 60. Kb3 Rd4 61. Kc3 Rd5 62. Kc4 Kg2 63. Rc3 Kf2 64. Kb3 Rf5 65. Rc2+ Be2 66. Rc3 Bd3 67. Kb2 Rd5 68. Rc1 e3 69. Kb3 Bf5 70. Kc3 e2 0-1

[Event "Fagernes Chess GM-Swiss 2025"]
[Site "Fagernes"]
[Date "2025.04.15"]
[Round "3.14"]
[White "Southcott-Moyers, Indy"]
[Black "Blomqvist, Erik"]
[Result "1/2-1/2"]
[Annotator "TA"]
[ECO "D02"]
[WhiteElo "2227"]
[BlackElo "2475"]
[PlyCount "89"]
[EventDate "2025.04.12"]
[EventCountry "NOR"]
[SourceTitle "playchess.com"]
[Source "ChessBase"]
[SourceQuality "1"]
[TimeControl "40/6000+30:2400+30"]

1. d4 Nf6 2. Nf3 d5 3. Bf4 c5 4. e3 Nc6 5. Nbd2 Nh5 6. dxc5 {[%emt 0:00:13] D02: 1 d4 d5 2 Nf3 sidelines, including 2...Nf6 3 g3 and 2...Nf6 3 Bf4.} Nxf4 7. exf4 Qa5 8. c4 {[%emt 0:01:13] White is slightly better.} d4 9. a3 Qxc5 10. Bd3 {[%emt 0:00:54] Wards off Qf5} g6 $146 (10... Qd6 11. g3 g6 12. O-O Bg7 13. b4 O-O 14. c5 Qc7 15. b5 Nd8 16. Rc1 Bg4 {0-1 Demchenko,A (2641)-Jonkman,H (2385) World op 48th 2020 (2)}) 11. O-O Bh6 12. g3 O-O 13. Ne4 (13. b4 $14 Qh5 14. Re1) 13... Qh5 $11 14. Be2 Qf5 15. Bd3 Qh3 16. Nfg5 Qd7 17. Re1 Qc7 18. b4 (18. Nf3 $11) 18... Bg7 (18... f5 $1 $15 19. Nc5 Bxg5 20. fxg5 e5) 19. Kg2 b6 (19... e5 $11 {keeps the balance.}) 20. c5 $16 e5 21. Nd6 {[%emt 0:06:47] Excellent horsemanship.} bxc5 22. bxc5 {[%emt 0:00:10][%csl Oc5] White has a strong passed pawn} exf4 {[%emt 0:03:45][%csl Oa7,Od4] Black has weak pawns} 23. Ngxf7 $1 {[%emt 0:06:38][%csl Od6] Strong Square White (d6) White is much more active. The black rooks are passive.} Rxf7 24. Re8+ ({Better is} 24. Bc4 $1 $14 Ne5 (24... f3+ $2 25. Qxf3 $18) 25. Rxe5 (25. Bxf7+ $2 Nxf7 26. Re8+ Bf8 $19) 25... Bb7+ 26. Kg1 Bxe5 27. Nxf7) 24... Bf8 $1 $11 (24... Rf8 25. Qb3+ (25. Bc4+ Kh8 $11) 25... Kh8 26. Nf7+ $18) 25. Bc4 {[%emt 0:07:42] [#] Chess con chili.} Kg7 26. Rxc8 (26. Bxf7 Bxd6 27. Bd5 Bf8 $17 (27... Bxc5 28. Rc1 $17)) 26... Rxc8 27. Nxf7 Be7 {[%emt 0:06:14] Against Ng5} 28. Qf3 Rf8 29. Qd5 (29. Qxf4 $2 Qxf4 30. gxf4 Rxf7 31. Bxf7 Kxf7 $19) 29... f3+ 30. Kg1 (30. Kxf3 $2 Ne5+ 31. Kg2 Nxc4 (31... Nxf7 $2 32. c6 $19) 32. Qxd4+ Bf6 (32... Kxf7 $2 33. Qxc4+ Kg7 34. c6 $19) 33. Qxc4 Bxa1 $19) 30... Na5 $1 {[%emt 0:02:06] ...Nxc4 is the strong threat.} 31. Ba2 $132 {[%emt 0:02:28][%mdl 2048] White has counterplay} (31. Qxd4+ $2 Bf6 32. Qd5 Qxf7 (32... Bxa1 $2 33. Ng5 $19) 33. Qxf7+ Rxf7 34. Bxf7 Bxa1 $19) 31... Qxc5 32. Qe6 (32. Qxf3 Qc3 (32... Qxa3 33. Qxa3 Bxa3 34. Ng5 $17) 33. Qd1 d3 $19 (33... Rxf7 34. Rc1 $11)) 32... Rc8 $2 (32... Nc6 $11 33. h4 Nd8 34. Nxd8 Bxd8) 33. Rf1 $2 (33. h4 $18 Rc6 34. Ng5 Bxg5 35. Qf7+ Kh6 36. hxg5+ Qxg5 37. Qf8+ (37. Qxf3 Rf6 $11) 37... Kh5 38. Qxf3+ Kh6 39. Qf8+ Kh5 40. Kg2) 33... Rc6 34. Nd8 Bxd8 35. Qg8+ Kh6 36. Qxd8 Rc8 37. Qd7 Rc7 38. Qg4 (38. Qd8 Nb7 39. Qf6 Qd6 40. Qxf3 d3) 38... Nc4 $2 (38... Kg7 $11 {and Black is okay.}) 39. Bxc4 $2 ({Stronger than} 39. Qxf3 Ne5 40. Qf6 d3 $11 (40... Qxa3 $2 {loses.} 41. Qf4+ g5 42. Qxe5 $18)) (39. Rc1 $1 $18 Qe7 40. Qh3+ (40. Bxc4 Rxc4 41. Qh3+ Kg7 $16) (40. Qxd4 Ne5 $16) 40... Kg7 41. Rxc4 (41. Bxc4 Rxc4 42. Rxc4 d3 $18)) 39... Qxc4 40. Qxf3 $18 {[%emt 0:00:09] KQR-KQR} d3 (40... Kg7 $11) 41. Qf8+ $14 Kh5 {[%emt 0:02:33] [#]} 42. Qf3+ (42. Re1 $1 $16 Qd4 43. Qf3+ Kh6 44. Re4) 42... Kh6 $1 $11 43. Qf8+ (43. Rd1 $11) 43... Kh5 $1 $16 {[%emt 0:00:07] [#]} 44. Qf3+ (44. Re1 $1 $16 {[%cal Re1e5] Re5+ would now be deadly.} Qd4 45. Rd1) 44... Kh6 $1 $11 45. Qf8+ {[%emt 0:00:05] Weighted Error Value: White=0.32/Black=0.28 (precise)   Loses game:     	---       	Black=2      Missed win:     	White=2     	---        Mistake:       	White=6     	Black=3      Inaccurate:     	White=3     	Black=3      OK:         	White=16    	Black=13     Best:        	White=2     	Black=2      Strong:       	White=1     	Black=5} 1/2-1/2

[Event "Fagernes Chess GM-Swiss 2025"]
[Site "Fagernes"]
[Date "2025.04.15"]
[Round "3.15"]
[White "Hillarp Persson, Tiger"]
[Black "Hedman, Erik"]
[Result "1-0"]
[Annotator "RC"]
[ECO "A34"]
[WhiteElo "2462"]
[BlackElo "2276"]
[PlyCount "87"]
[EventDate "2025.04.12"]
[EventCountry "NOR"]
[SourceTitle "playchess.com"]
[Source "ChessBase"]
[SourceQuality "1"]
[TimeControl "40/6000+30:2400+30"]

1. Nf3 Nf6 2. g3 c5 3. Bg2 Nc6 4. O-O e5 5. c4 d5 6. cxd5 Nxd5 7. Nc3 Nc7 8. d3 Be7 9. Nd2 Bd7 10. Nc4 f6 11. a4 O-O 12. a5 Kh8 13. Kh1 Qe8 14. f4 Qh5 15. Bf3 Bg4 16. Bxg4 Qxg4 17. f5 Nd4 18. Ne3 Qh3 19. Ne4 Rfd8 20. g4 Nd5 21. Nxd5 Rxd5 22. Rg1 c4 23. Rg3 Qh4 24. Be3 h5 25. dxc4 Rdd8 26. Bxd4 Rxd4 27. Qc2 hxg4 28. e3 Rd7 29. Rag1 g5 30. Rxg4 Qh3 31. R4g3 Qh5 32. Qg2 Kg7 33. Rh3 Qf7 34. Qf3 Rc8 35. b3 Rd3 36. Rh5 Rxe3 37. Rhxg5+ fxg5 38. Qxe3 Qxf5 39. Nxg5 Kf8 40. Ne4 Ke8 41. Qd3 Qf7 42. Qh3 Rc6 43. Rf1 Qg7 44. Rd1 1-0